 Dungeon Crawl Stone Soup version 0.30-a0-879-ga8ba668304 (webtiles) character file.

Game seed: 10317254766210518376

6386 Westside the Cleaver (level 10, -3/90 HPs)
             Began as a Hill Orc Fighter on Mar 13, 2023.
             Was a Believer of Beogh.
             Succumbed to an orc wizard's poison
             ... on level 9 of the Dungeon.
             The game lasted 00:23:38 (8029 turns).

Westside the Cleaver (Hill Orc Fighter)             Turns: 8029, Time: 00:23:39

Health: -3/90      AC: 25    Str: 22    XL:     10   Next: 97%
Magic:  6/10       EV:  3    Int:  8    God:    Beogh [**....]
Gold:   470        SH: 14    Dex: 12    Spells: 9/9 levels left

rFire   . . .      SeeInvis .    a - +0 war axe
rCold   . . .      Faith    .    P - +0 tower shield
rNeg    . . .      Spirit   +    v - +2 plate armour
rPois   .          Reflect  .    E - +1 hat
rElec   .          Rampage  .    p - +0 cloak
rCorr   .                        S - +1 pair of gloves
Will    .....                    y - +0 pair of boots Stlth
                                 t - amulet of guardian spirit
HPRegen 0.35/turn                b - +4 ring of slaying
MPRegen 0.12/turn                H - +4 ring of protection

@: brilliant, lethally poisoned (-3 -> -30), flying
A: no striking features
a: Renounce Religion, Smiting


You were on level 9 of the Dungeon.
You worshipped Beogh.
Beogh was pleased with you.
You visited 1 branch of the dungeon, and saw 9 of its levels.

You collected 613 gold pieces.
You spent 143 gold pieces at shops.

Inventory:

Hand Weapons
 a - a +0 war axe (weapon)
Missiles
 j - 6 javelins
 k - 9 boomerangs
 n - 84 stones
 M - 23 poisoned darts
 O - a throwing net
 V - a curare-tipped dart
Armour
 c - a +0 buckler
 e - a +0 pair of gloves
 p - a +0 cloak (worn)
 v - a +2 plate armour (worn)
 y - a +0 pair of boots (worn)
 E - a +1 hat (worn)
 P - a +0 tower shield (worn)
 S - a +1 pair of gloves (worn)
Jewellery
 b - a +4 ring of slaying (left hand)
 t - an amulet of guardian spirit (around neck)
 C - an amulet of magic regeneration
 D - a ring of ice
 F - an amulet of the acrobat
 H - a +4 ring of protection (right hand)
 U - a +6 ring of intelligence
 W - a ring of flight
Wands
 B - a wand of light (19)
 I - a wand of flame (10) (quivered)
 L - a wand of mindburst (14)
Scrolls
 d - a scroll of fog {unknown}
 f - 2 scrolls of poison
 i - 3 scrolls of blinking
 o - 2 scrolls of silence
 q - a scroll of fear
 u - 2 scrolls of enchant weapon {unknown}
 G - a scroll of vulnerability {unknown}
 J - a scroll of acquirement {unknown}
 N - 2 scrolls of amnesia {unknown}
 Q - a scroll of summoning {unknown}
 R - 2 scrolls of identify
 T - 2 scrolls of brand weapon {unknown}
Potions
 g - a potion of invisibility {unknown}
 h - a potion of brilliance
 l - a potion of lignification {unknown}
 m - a potion of mutation {unknown}
 r - a potion of magic {unknown}
 s - 2 potions of curing {unknown}
 w - 5 potions of flight
 x - 2 potions of degeneration {unknown}
 z - 2 potions of heal wounds {unknown}
 A - a potion of haste {unknown}
 K - 2 potions of attraction {unknown}
 X - a potion of ambrosia {unknown}


   Skills:
 + Level 8.7 Fighting
 + Level 12.8 Axes
 + Level 6.2 Throwing
 + Level 7.6 Armour
 + Level 0.2 Dodging
 + Level 0.4 Stealth
 + Level 7.3 Shields
 + Level 1.5 Evocations


You had 9 spell levels left.
You didn't know any spells.
Your spell library contained the following spells:

 Spells                   Type           Power      Damage    Failure   Level
 Apportation              Tloc           0%         N/A       100%        1
 Blink                    Tloc           0%         N/A       100%        2
 Lesser Beckoning         Tloc           0%         N/A       100%        2
 Momentum Strike          Conj/Tloc      0%         3d8       100%        2
 Kindle Blastsparks       Fire/Tloc/Air  0%         2d10      100%        3
 Portal Projectile        Hex/Tloc       0%         N/A       100%        3
 Summon Guardian Golem    Hex/Summ       0%         N/A       100%        3
 Tukima's Dance           Hex            0%         N/A       100%        3
 Fulminant Prism          Conj/Hex       0%         3d5       100%        4
 Iskenderun's Mystic Bla  Conj/Tloc      0%         2d3       100%        4
 Alistair's Intoxication  Tmut/Pois      0%         N/A       100%        5
 Blade Hands              Tmut           0%         N/A       100%        5
 Lee's Rapid Deconstruct  Erth           0%         3d4*      100%        5
 Orb of Destruction       Conj           0%         9d5       100%        7
 Spellforged Servitor     Conj/Summ      0%         N/A       100%        7


Dungeon Overview and Level Annotations

Branches:
Dungeon (9/15)             Temple (0/1) D:7             Orc (0/2) D:9
   Lair: D:8-11

Altars:
Dithmenos
Gozag
Makhleb
Qazlal
Trog
Yredelemnul
Zin
The Shining One

Shops:
D:5 [

Annotations:
D:5 2 transporters, glosham's ghost, novice MeDe


Message History

Beogh smites you!
You hear some strange, mumbled words.
You are confused.
The orc priest casts a cantrip, but nothing happens.
You slash the orc priest!
You kill the orc priest!
Beogh accepts your kill.
Beogh appreciates your killing of a heretic priest.
You closely miss something.
You feel very sick. Something hits you but does no damage.
You are more poisoned.
You bump into the rock wall.
You feel very sick.
Something hits you but does no damage. x2
You are too confused!
You feel very sick.
You hear some strange, mumbled words.
Something tries to affect you, but you resist.
Something hits you but does no damage.
You are lethally poisoned!
Items here: $ ) [ †.
* * * LOW HITPOINT WARNING * * *
You feel very sick. Something completely misses you.
Something hits you but does no damage.
You are more poisoned.
Something hits you but does no damage.
You feel less confused.
* * * LOW HITPOINT WARNING * * *
You feel extremely sick.
It was a potion of flight.
You feel very buoyant.
You fly up into the air.
* * * LOW HITPOINT WARNING * * *
You feel very sick.
Something hits you but does no damage. x2
You are more poisoned.
It was a potion of brilliance.
You feel clever all of a sudden.
You die...

....# #.... ....... ...... .....
#... ...... ...... .....
#..#####.... ..... .....
#..#...#...# #...
.....######..#...#...# #...
.............#..<#...# #...
)............#){.#...# #...
..)...)..[)..)).@'...# #...
.....#.......#####...#########...
$....#...........................
.....#...........................
.....#........#####.######.......
.....#...###### #.# #.......
.....+...# #.# #.......
.....#...# #.# #....... #...# #.#
#......#


There were no monsters in sight!

Vanquished Creatures
  Erica (D:8)
  A wraith (D:9)
  4 yaks (D:8)
  A wyvern (D:8)
  Grum (D:8)
  A steam dragon (D:6)
  Edmund (D:4)
  A warg (D:9)
  2 water moccasins
  An acid dragon (D:8)
  A black bear (D:5)
  5 orc warriors
  2 ice beasts
  A sky beast (D:8)
  4 wolves (D:8)
  2 ogres
  4 centaurs
  3 phantoms
  4 kobold brigands
  2 bullfrogs (D:7)
  5 scorpions (D:5)
  5 wights
  5 killer bees (D:7)
  A howler monkey (D:4)
  5 hounds
  4 orc priests
  2 jellies
  Jessica (D:3)
  3 gnoll boudas
  6 iguanas
  A sleepcap (D:6)
  3 orc wizards
  21 gnolls
  4 adders
  A shadow imp (D:5)
  4 white imps
  4 worms
  3 dart slugs
  31 orcs
  9 endoplasms
  3 giant cockroaches
  8 goblins
  7 hobgoblins
  5 jackals
  8 quokkas
  11 ball pythons
  4 bats
  9 frilled lizards
  6 kobolds
  4 rats (D:1)
225 creatures vanquished.

Vanquished Creatures (others)
  A hound (D:6)
  An orc priest (D:6)
  A shadow imp (D:6)
  2 orcs (D:6)
5 creatures vanquished.

Grand Total: 230 creatures vanquished

Notes
Turn   | Place    | Note
-------+----------+-------------------------------------------
     0 | D:1      | Westside the Hill Orc Fighter began the quest for the Orb.
     0 | D:1      | Reached XP level 1. HP: 19/19 MP: 1/1
   135 | D:1      | Reached skill level 3 in Axes
   135 | D:1      | Reached XP level 2. HP: 25/27 MP: 2/2
   241 | D:1      | Found a faded altar of an unknown god.
   486 | D:1      | Reached XP level 3. HP: 32/33 MP: 3/3
   969 | D:2      | Reached skill level 4 in Axes
   976 | D:2      | Reached XP level 4. HP: 40/40 MP: 4/4
  1599 | D:3      | Found a burning altar of Makhleb.
  1707 | D:3      | Reached XP level 5. HP: 21/46 MP: 5/5
  2063 | D:3      | Noticed Jessica
  2068 | D:3      | Killed Jessica
  2069 | D:3      | Reached skill level 5 in Axes
  2167 | D:4      | Noticed Edmund
  2179 | D:4      | Killed Edmund
  2180 | D:4      | Reached XP level 6. HP: 10/53 MP: 6/6
  2580 | D:4      | Reached skill level 1 in Throwing
  2624 | D:4      | Found a shadowy altar of Dithmenos.
  2744 | D:4      | Reached skill level 6 in Axes
  2893 | D:4      | Reached skill level 5 in Armour
  2893 | D:4      | Reached XP level 7. HP: 58/60 MP: 7/7
  3038 | D:4      | Found a glowing golden altar of the Shining One.
  3334 | D:5      | Entered Level 5 of the Dungeon
  3409 | D:5      | Found a basalt altar of Yredelemnul.
  3488 | D:5      | Reached skill level 7 in Axes
  3507 | D:5      | Found a transporter.
  3510 | D:5      | Noticed glosham's ghost (novice MeDe)
  3522 | D:5      | Reached skill level 5 in Fighting
  3559 | D:5      | Found a transporter.
  3734 | D:5      | Found an opulent altar of Gozag.
  3878 | D:5      | Reached skill level 8 in Axes
  3878 | D:5      | Reached XP level 8. HP: 65/68 MP: 8/8
  4141 | D:5      | Found Kackir's Armour Boutique.
  4146 | D:5      | Bought a +1 hat for 143 gold pieces
  4618 | D:6      | Reached skill level 9 in Axes
  4739 | D:6      | Reached skill level 10 in Axes
  4744 | D:6      | Reached XP level 9. HP: 31/78 MP: 6/9
  5072 | D:6      | Became a worshipper of Beogh the Brigand
  5077 | D:6      | Reached skill level 5 in Shields
  5131 | D:6      | Found a stormy altar of Qazlal.
  5361 | D:6      | Reached skill level 11 in Axes
  5806 | D:7      | Reached * piety under Beogh
  6067 | D:7      | Found a bloodstained altar of Trog.
  6086 | D:7      | Identified the +3 whip "Siven" {elec, Fragile rN+ Int+4}
  6462 | D:7      | Reached XP level 10. HP: 86/86 MP: 10/10
  6684 | D:7      | Found a staircase to the Ecumenical Temple.
  6836 | D:8      | Reached skill level 5 in Throwing
  6985 | D:8      | Noticed Grum
  6996 | D:8      | Reached skill level 12 in Axes
  6999 | D:8      | Killed Grum
  7213 | D:8      | Noticed Erica
  7223 | D:8      | Reached skill level 1 in Evocations
  7237 | D:8      | Killed Erica
  7247 | D:8      | Reached ** piety under Beogh
  7513 | D:8      | Found the +0 staff of Battle
  7620 | D:8      | Found a glowing silver altar of Zin.
  7999 | D:9      | Found a staircase to the Orcish Mines.
  8028 | D:9      | HP: 3/90 [poisoned by an orc wizard]
  8029 | D:9      | Succumbed to an orc wizard's poison

Illustrated notes

Levels and vault maps discovered:
D:1:      lemuel_arrival_river_ford, layout_loops_ring, basic_ecumenical_altar,
          dreamdust_princess_corridor
D:2:      minmay_recursive_quarters, layout_rooms
D:3:      layout_loops_ring, lightli_temple_of_fire, grunt_decor_one_mirror,
          uniq_jessica
D:4:      layout_loops_corners, nicolae_tso_swordbearing_angel,
          nicolae_dithmenos_the_darkroom,
          hangedman_abyss_or_decor_jellyfish_corner, abandoned_shop, uniq_edmund
D:5:      minmay_opposing_rooms, layout_loops_ring, nicolae_gozag_seed_capital,
          amcnicky_altar_gilded, serial_shops, nicolae_shop_hallway_plus,
          gammafunk_ghost_mausoleum
D:6:      cheibrodos_barr_body, layout_basic, kennysheep_little_box
D:7:      layout_cave_pods, lemuel_doored_altar, lemuel_temple_firewalk_a
D:8:      layout_basic, old_standard_altar, hex_intersection, uniq_grum,
          uniq_erica
D:9:      layout_irregular_city, david_orc_3, chequers_serial_rivers_micro_e,
          uniq_maggie

Skill      XL: |  1  2  3  4  5  6  7  8  9 10 |
---------------+-------------------------------+-----
Axes           | 3 4 5 6 8 10 11 12 | 12.8
Fighting       | 4 5 6 7 8 |  8.7
Armour         | 4 5 6 7 |  7.6
Shields        | 4 5 7 |  7.3
Throwing       | 1 4 6 |  6.2
Evocations     | 1 |  1.5
Dodging        | |  0.2
Stealth        | |  0.4

Action                     |  1- 3 |  4- 6 |  7- 9 | 10-12 || total
---------------------------+-------+-------+-------+-------++-------
  Melee: War axe           |   108 |   135 |   234 |   137 ||   614
  Throw: Boomerang         |       |     5 |   103 |    31 ||   139
         Javelin           |       |     2 |       |       ||     2
 Invoke: Convert to Beogh  |       |       |     1 |       ||     1
  Evoke: Wand              |       |       |       |    15 ||    15
    Use: Scroll            |       |     6 |     3 |     1 ||    10
         Potion            |       |       |       |     3 ||     3
 Armour: Scale mail        |    30 |       |       |       ||    30
         Plate armour      |    25 |    89 |   173 |   105 ||   392
         Skin              |     1 |       |       |       ||     1
  Dodge: Dodged            |    38 |    32 |    68 |    15 ||   153
  Block: Buckler           |    19 |    30 |    39 |       ||    88
         Tower shield      |       |       |    59 |    97 ||   156

Table legend: (Time is in decaauts)
 A = Elapsed time spent in this place.
 B = Non-inter-level travel time spent in this place.
 C = Inter-level travel time spent in this place.
 D = Time resting spent in this place.
 E = Time spent auto-exploring this place.
 F = Levels seen in this place.
 G = Mean time per level.
                   A        B        C        D        E       F      G
               +--------+--------+--------+--------+--------+-----+--------+
         Total |   8253 |   7880 |    373 |    330 |   5879 |   9 |  917.0 |
       Dungeon |   8253 |   7880 |    373 |    330 |   5879 |   9 |  917.0 |
               +--------+--------+--------+--------+--------+-----+--------+

Top non-repeatable levels by time:
     D:6: 1298 daAuts
     D:4: 1214 daAuts
     D:5: 1132 daAuts
     D:8: 1090 daAuts
     D:7: 1042 daAuts
     D:3: 809 daAuts
     D:1: 747 daAuts
     D:2: 651 daAuts
     D:9: 264 daAuts
